 Dungeon Crawl Stone Soup version 0.28-a0-823-gb444dcf96d (webtiles) character file.

Game seed: 9766486445815600252

6173 ragingrage the Impaler (level 10, -1/91 HPs)
             Began as a Merfolk Delver on Nov 9, 2021.
             Slain by an orc warrior (16 damage)
             ... on level 9 of the Dungeon.
             The game lasted 00:14:42 (10685 turns).

ragingrage the Impaler (Merfolk Delver)            Turns: 10685, Time: 00:14:43

Health: -1/91      AC: 10    Str: 16    XL:     10   Next: 91%
Magic:  0/10       EV: 16    Int:  9    God:
Gold:   380        SH:  0    Dex: 16    Spells: 9/9 levels left

rFire   . . .      SeeInvis .   a - +0 trident
rCold   + . .      Faith    .   (no shield)
rNeg    . . .      Spirit   +   N - +0 ring mail {rC+}
rPois   .          Reflect  .   m - +0 helmet
rElec   .          Harm     .   A - +2 cloak {Will+}
rCorr   .          Rampage  .   (no gloves)
Will    ++...                   (no boots)
Stlth   ++........              y - amulet of guardian spirit
HPRegen 0.25/turn               (no ring)
MPRegen 0.12/turn               (no ring)

@: no status effects
A: (nimble swimmer 2), mertail, strong-willed 1, robust 1
a: no special abilities


You were on level 9 of the Dungeon.
You visited 1 branch of the dungeon, and saw 9 of its levels.
You also visited: Ossuary.

You collected 416 gold pieces.
You spent 36 gold pieces at shops.

Inventory:

Hand Weapons
 a - a +0 trident (weapon)
 b - a +0 glaive
Missiles
 i - 22 poisoned darts
 l - 2 javelins (quivered)
 t - 6 curare-tipped darts
 F - a throwing net
Armour
 m - a +0 helmet (worn)
 A - a +2 cloak of willpower (worn)
 N - a +0 ring mail of cold resistance (worn)
Jewellery
 y - an amulet of guardian spirit (around neck)
 E - a ring of ice
Wands
 g - a wand of digging (10)
 D - a wand of acid (9)
 G - a wand of iceblast (9)
Scrolls
 c - 3 scrolls of fog
 d - 5 scrolls of magic mapping
 e - a scroll of fear
 h - 5 scrolls of teleportation {unknown}
 k - a scroll of silence {unknown}
 o - 2 scrolls of enchant weapon {unknown}
 u - a scroll of vulnerability {unknown}
 v - 2 scrolls of immolation
 w - 9 scrolls of identify {unknown}
 x - a scroll of enchant armour {unknown}
 B - 7 scrolls of noise
 I - a scroll of brand weapon {unknown}
 J - a scroll of acquirement {unknown}
 L - 2 scrolls of summoning {unknown}
Potions
 f - 3 potions of haste
 j - 7 potions of curing
 n - 3 potions of magic
 p - 2 potions of flight {unknown}
 q - 3 potions of attraction {unknown}
 r - 3 potions of heal wounds {unknown}
 s - a potion of ambrosia {unknown}
 z - 3 potions of might
 C - 4 potions of invisibility {unknown}
 H - 2 potions of mutation
 K - a potion of cancellation {unknown}
 M - a potion of lignification {unknown}


   Skills:
 + Level 9.1 Fighting
 + Level 15.3 Polearms
 - Level 4.0 Armour
 - Level 10.0 Dodging
 - Level 5.4 Stealth


You had 9 spell levels left.
You didn't know any spells.
Your spell library contained the following spells:

 Spells                   Type           Power      Damage    Failure   Level
 Corpse Rot               Necr/Air       0%         N/A       73%         2
 Poisonous Vapours        Pois/Air       0%         N/A       73%         2
 Call Canine Familiar     Summ           0%         N/A       91%         3
 Portal Projectile        Hex/Tloc       0%         N/A       91%         3
 Leda's Liquefaction      Hex/Erth       0%         N/A       100%        4


Dungeon Overview and Level Annotations

Branches:
Dungeon (9/15)             Temple (0/1) D:5            Lair (0/6) D:9
    Orc (0/2) D:9         Ossuary (visited)

Altars:
Cheibriados

Shops:
D:4 (

Annotations:
D:3 Sigmund
D:5 2 runed translucent doors, IdlyInterested's ghost, novice DsGl
D:7 Prince Ribbit


Innate Abilities, Weirdness & Mutations

((You are quick and stealthy near water. (Stealth+, EV+, Speed+++)))
Your lower body shifts to a powerful aquatic tail in water.
You are strong-willed. (Will+)
You are robust. (+10% HP)


Message History

The orc warrior is almost dead.
The orc warrior hits you with a +0 flail!
You completely miss the orc warrior.
The orc warrior is almost dead.
You closely miss the orc warrior.
The orc warrior is almost dead.
The orc warrior closely misses you.
You hit the orc warrior but do no damage.
The orc warrior is almost dead.
You hit the orc warrior.
You kill the orc warrior!
The orc warrior completely misses you.
Things that are here:
a +0 flail; a +0 chain mail Reach: a) +0 trident
Press: ? - help, Dir - move target, f - orc warrior
Aim: an orc warrior, wielding a +0 battleaxe and wearing a +0 chain mail (heavily wounded, about 33% to evade your +0 trident)
You hit the orc warrior but do no damage.
The orc warrior is heavily wounded.
The orc warrior hits you with a +0 battleaxe!
* * * LOW HITPOINT WARNING * * *
Reach: a) +0 trident
Press: ? - help, Dir - move target, f/p - orc warrior
Aim: an orc warrior, wielding a +0 battleaxe and wearing a +0 chain mail (heavily wounded, about 33% to evade your +0 trident)
You puncture the orc warrior!
The orc warrior is almost dead.
Reach: a) +0 trident
Press: ? - help, Dir - move target, f/p - orc warrior
Aim: an orc warrior, wielding a +0 battleaxe and wearing a +0 chain mail (almost dead, about 33% to evade your +0 trident)
You barely miss the orc warrior.
The orc warrior is almost dead.
The orc warrior hits you with a +0 battleaxe!
* * * LOW HITPOINT WARNING * * *
Reach: a) +0 trident
Press: ? - help, Dir - move target, f/p - orc warrior
Aim: an orc warrior, wielding a +0 battleaxe and wearing a +0 chain mail (almost dead, about 33% to evade your +0 trident)
You hit the orc warrior but do no damage.
The orc warrior is almost dead.
The orc warrior hits you with a +0 battleaxe!!
You die...

#..........###..........
#.........## #..........
#.........# #..........
##.........# #..........
#..######### #.........>
#.## #.......... #.# #####
#######.... ###.# #...#
##... #..####
#@#.############.. #.##8Oog
#o#...)).))))..###
#.##ogo..#.#.##########...)
#.##TKO..')#.# #####
#>##.ooO.#.#.#
####8.O.8#.#.# ##### #.#.#
#(..# #####


You could see an orc warrior.

Vanquished Creatures
  Harold (D:8)
  Erica (D:9)
  3 two-headed ogres
  A hornet (D:9)
  A troll (D:9)
  6 orc warriors
  An ice beast (D:6)
  6 ogres
  2 centaurs
  5 kobold brigands
  3 gnoll sergeants (D:9)
  2 bullfrogs (D:8)
  A scorpion (D:5)
  2 howler monkeys (D:9)
  3 centaur zombies
  2 human zombies (Ossuary)
  3 orc priests
  2 iguanas (D:5)
  4 orc wizards
  A howler monkey zombie (D:9)
  6 mummies
  Robin (D:3)
  6 gnolls
  A howler monkey skeleton (D:4)
  3 adders
  A shadow imp (D:7)
  An adder skeleton (D:4)
  2 dart slugs (D:1)
  37 orcs
  3 ball pythons
  5 endoplasms
  3 giant cockroaches
  A gnoll zombie (Ossuary)
  14 goblins
  2 hobgoblins
  14 kobolds
  4 quokkas
  2 bats
  6 frilled lizards
  2 goblin zombies (Ossuary)
  A hobgoblin zombie (Ossuary)
  2 kobold zombies (Ossuary)
  5 rats
172 creatures vanquished.

Notes
Turn   | Place    | Note
-------+----------+-------------------------------------------
     0 | D:5      | ragingrage the Merfolk Delver began the quest for the Orb.
     0 | D:5      | Reached XP level 1. HP: 18/18 MP: 1/1
    39 | D:7      | Reached skill level 4 in Polearms
    39 | D:7      | Reached XP level 2. HP: 7/24 MP: 2/2
   279 | D:5      | Found a runed translucent door.
   294 | D:4      | Found Raucrir's Weapon Emporium.
   999 | D:1      | Reached skill level 5 in Polearms
   999 | D:1      | Reached XP level 3. HP: 27/29 MP: 3/3
  2207 | D:2      | Reached skill level 6 in Polearms
  2257 | D:2      | Reached XP level 4. HP: 23/35 MP: 4/4
  3090 | D:2      | Reached skill level 7 in Polearms
  3794 | D:3      | Reached XP level 5. HP: 41/41 MP: 5/5
  3832 | D:3      | Found a faded altar of an unknown god.
  3889 | D:3      | Noticed Robin
  3896 | D:3      | Killed Robin
  3991 | D:3      | Noticed Sigmund
  4043 | D:4      | Bought 5 curare-tipped darts for 36 gold pieces
  4335 | D:4      | Reached skill level 8 in Polearms
  4973 | D:5      | Reached skill level 9 in Polearms
  4973 | D:5      | Reached XP level 6. HP: 47/47 MP: 6/6
  5215 | D:5      | Noticed IdlyInterested's ghost (novice DsGl)
  5315 | D:5      | Gained mutation: You are robust. (+10% HP) [potion of
                  | mutation]
  5315 | D:5      | Gained mutation: You are strong-willed. (Will+) [potion of
                  | mutation]
  5513 | D:5      | Reached skill level 10 in Polearms
  5552 | D:5      | Reached XP level 7. HP: 30/57 MP: 3/7
  5768 | D:5      | Found a staircase to the Ecumenical Temple.
  5917 | D:5      | Found a runed translucent door.
  6274 | D:6      | Reached skill level 11 in Polearms
  6506 | D:6      | Reached skill level 12 in Polearms
  6687 | D:6      | You fall into a shaft and drop 3 floors!
  6698 | D:9      | Noticed a two-headed ogre
  6717 | D:9      | Killed a two-headed ogre
  6718 | D:9      | Reached skill level 14 in Polearms
  6718 | D:9      | Reached XP level 8. HP: 64/64 MP: 8/8
  6862 | D:7      | Noticed Prince Ribbit
  6930 | D:8      | Noticed Harold
  6964 | D:8      | Killed Harold
  6965 | D:8      | Reached skill level 5 in Fighting
  6965 | D:8      | Reached skill level 5 in Dodging
  6965 | D:8      | Reached XP level 9. HP: 34/74 MP: 4/9
  7300 | D:8      | Found a sand-covered staircase.
  7308 | Ossuary  | Entered an ossuary
  7800 | D:8      | Noticed a two-headed ogre
  7820 | D:8      | Killed a two-headed ogre
  8743 | D:8      | Reached XP level 10. HP: 84/86 MP: 8/10
  9328 | D:9      | Found a snail-covered altar of Cheibriados.
  9659 | D:9      | Noticed a two-headed ogre
  9674 | D:9      | Killed a two-headed ogre
  9722 | D:9      | Found a staircase to the Lair.
  9791 | D:9      | Noticed Erica
 10027 | D:9      | Killed Erica
 10323 | D:9      | Found a staircase to the Orcish Mines.
 10442 | D:9      | Reached skill level 15 in Polearms
 10520 | D:9      | Reached skill level 10 in Dodging
 10685 | D:9      | Slain by an orc warrior

Illustrated notes

Levels and vault maps discovered:
D:1:      wander_arrival_peaceful_grave, layout_basic
D:2:      layout_loops_corners, chequers_serial_rivers_micro_b,
          chequers_serial_rivers_large_b, kennysheep_generic_room_9
D:3:      layout_basic, shapermc_ecumenical_altar_petra, serial_shops,
          nicolae_shop_window_shopping, uniq_robin, uniq_sigmund
D:4:      layout_basic, serial_shops, nicolae_stop_n_shop_1,
          grunt_decor_fettered
D:5:      layout_rooms, minmay_temple_entry_fiery, ebering_ghost_sewer_f
D:6:      layout_cave_pools, hangedman_glass_teeth,
          corexii_item_surrounded_by_moat, nicolae_shop_clearance,
          uniq_crazy_yiuf_cottage
D:7:      minmay_s_stair_smasher, layout_cave_pools, st_stairs_13,
          kennysheep_nondescript, minmay_shop_enchanted_jewellery,
          grunt_ministairs_1, grunt_decor_junction, kennysheep_generic_room_5,
          uniq_menkaure, uniq_prince_ribbit1
D:8:      layout_basic, enter_ossuary_1, special_room [special_room_orc],
          uniq_harold
D:9:      layout_rooms, slow_altar_2, lair_entry_dummy,
          kennysheep_orc_monster_closet_entryway, uniq_erica

Skill      XL: |  1  2  3  4  5  6  7  8  9 10 |
---------------+-------------------------------+-----
Polearms       | 4 5 6 7 9 10 14 15 | 15.3
Dodging        | 3 5 7 10 | 10.0
Fighting       | 5 7 9 |  9.1
Armour         | 2 4 |  4.0
Stealth        | |  5.4

Action                   |  1- 3 |  4- 6 |  7- 9 | 10-12 || total
-------------------------+-------+-------+-------+-------++-------
Melee: Spear             |   131 |   156 |    13 |       ||   300
       Trident           |       |       |   262 |   186 ||   448
Throw: Javelin           |       |    18 |     9 |    12 ||    39
       Dart              |       |    21 |    20 |    33 ||    74
Evoke: Wand              |       |       |     2 |     3 ||     5
  Use: Potion            |       |     3 |       |       ||     3
 Stab: Sleeping          |     8 |     7 |     5 |     1 ||    21
       Distracted        |       |       |       |     1 ||     1
Armor: Leather armour    |    16 |    20 |    49 |       ||    85
       Ring mail         |       |       |     2 |    16 ||    18
Dodge: Dodged            |    52 |    68 |    85 |    76 ||   281

Table legend: (Time is in decaauts)
 A = Elapsed time spent in this place.
 B = Non-inter-level travel time spent in this place.
 C = Inter-level travel time spent in this place.
 D = Time resting spent in this place.
 E = Time spent auto-exploring this place.
 F = Levels seen in this place.
 G = Mean time per level.
                   A        B        C        D        E       F      G
               +--------+--------+--------+--------+--------+-----+--------+
         Total |  10450 |  10097 |    353 |   2098 |   6009 |  10 | 1045.0 |
       Dungeon |  10133 |   9780 |    353 |   2098 |   5804 |   9 | 1125.9 |
       Ossuary |    316 |    316 |      0 |      0 |    205 |   1 |  316.0 |
               +--------+--------+--------+--------+--------+-----+--------+

Top non-repeatable levels by time:
     D:8: 1959 daAuts
     D:5: 1608 daAuts
     D:9: 1584 daAuts
     D:2: 1569 daAuts
     D:1: 1422 daAuts
     D:4: 917 daAuts
     D:3: 679 daAuts
 Ossuary: 316 daAuts
     D:6: 308 daAuts
     D:7: 85 daAuts
